 Dungeon Crawl Stone Soup version 0.29-a0-284-gf9362112df (webtiles) character file.

Game seed: 15312999330523731454

3111 rabbitsville the Frost Mage (level 9, -11/62 HPs)
             Began as a Black Draconian Ice Elementalist on Mar 21, 2022.
             Was an Initiate of Ashenzari.
             Mangled by an ogre
             ... wielding a +0 giant club
              (28 damage)
             ... on level 6 of the Dungeon.
             The game lasted 00:27:39 (7354 turns).

rabbitsville the Frost Mage (DrIE)                  Turns: 7354, Time: 00:27:39

Health: -11/62     AC: 11    Str: 11    XL:     9   Next: 60%
Magic:  28/28      EV: 12    Int: 19    God:    Ashenzari [......]
Gold:   303        SH:  0    Dex: 12    Spells: 18/22 levels left

rFire   . . .      SeeInvis .   C - +8 dagger "Eternal With Me" {spect, rCorr MP+9, Self, Evo} (curse)
rCold   + . .      Faith    .   (no shield)
rNeg    . . .      Spirit   .   (body armour unavailable)
rPois   .          Reflect  .   (helmet restricted)
rElec   +          Harm     .   (no cloak)
rCorr   +          Rampage  .   g - +2 pair of gloves
Will    .....                   y - +0 pair of boots
Stlth   ++........              q - amulet of magic regeneration
HPRegen 0.20/turn               m - ring of resist corrosion
MPRegen 0.61/turn               u - ring of protection from cold

@: short of breath
A: breathe lightning, AC +7, unfitting armour, electricity resistance,
cold-blooded
a: Breathe Lightning, Renounce Religion, Curse Item, Shatter the Chains


You were on level 6 of the Dungeon.
You worshipped Ashenzari.
Ashenzari was noncommittal.
You visited 1 branch of the dungeon, and saw 7 of its levels.

You collected 303 gold pieces.

Inventory:

Hand Weapons
 o - the +1 whip of the Yoke {spect, Dex+2}
   (You found it on level 2 of the Dungeon)

   When its wielder attacks, the weapon's spirit leaps out and strikes again.
   The spirit shares a part of any damage it takes with its wielder.
   Dex:       It affects your dexterity (+2).
 C - the cursed +8 dagger "Eternal With Me" (weapon) {spect, rCorr MP+9, Self, Evo}
   (You found it on level 7 of the Dungeon)

   When its wielder attacks, the weapon's spirit leaps out and strikes again.
   The spirit shares a part of any damage it takes with its wielder.
   MP:        It affects your magic capacity (+9).
   rCorr:     It protects you from acid and corrosion.
   It has a curse which improves the following skills: Introspection: Fighting
   and Spellcasting.
   Evocations: Evocations.
Missiles
 d - 6 silver boomerangs
 v - 4 silver javelins
Armour
 b - a +0 pair of gloves
 g - a +2 pair of gloves (worn)
 y - a +0 pair of boots (worn)
Jewellery
 m - a ring of resist corrosion (left hand)
 q - an amulet of magic regeneration (around neck)
 u - a ring of protection from cold (right hand)
 D - a ring of willpower
Wands
 x - a wand of polymorph (15)
 B - a wand of iceblast (4)
 F - a wand of flame (16) (quivered)
Scrolls
 e - 4 scrolls of teleportation
 j - 3 scrolls of noise {unknown}
 k - 3 scrolls of fog {unknown}
 n - a scroll of summoning {unknown}
 p - a scroll of immolation {unknown}
 r - a scroll of amnesia {unknown}
 s - 3 scrolls of identify {unknown}
 t - a scroll of holy word {unknown}
 A - a scroll of magic mapping {unknown}
 E - a scroll of torment {unknown}
Potions
 a - a potion of magic
 c - a potion of flight {unknown}
 f - a potion of resistance
 h - a potion of might
 i - 2 potions of curing {unknown}
 l - a potion of heal wounds {unknown}
 w - 2 potions of lignification
 z - a potion of cancellation {unknown}


   Skills:
 - Level 3.1 Maces & Flails
 - Level 1.7 Dodging
 - Level 1.7 Stealth
 + Level 6.6(7.1) Spellcasting
 * Level 10.7 Ice Magic
 + Level 5.8 Air Magic


You had 18 spell levels left.
You knew the following spells:

 Your Spells              Type           Power      Damage    Failure   Level
a - Freeze                Ice            100%       1d11      1%          1
b - Ozocubu's Armour      Ice            47%        N/A       1%          3

Your spell library contained the following spells:

 Spells                   Type           Power      Damage    Failure   Level
 Frozen Ramparts          Ice            94%        1d11      1%          3
 Swiftness                Air            28%        N/A       2%          3
 Shock                    Conj/Air       68%        1d7       3%          1
 Poisonous Vapours        Pois/Air       34%        N/A       4%          2
 Magic Dart               Conj           24%        1d4       10%         1
 Sting                    Tmut/Pois      24%        1d4       10%         1
 Airstrike                Air            14%        N/A       10%         4
 Hailstorm                Conj/Ice       27%        3d7       11%         4
 Searing Ray              Conj           12%        2d4       16%         2
 Gell's Gravitas          Tloc           6%         N/A       30%         3
 Teleport Other           Tloc           6%         N/A       30%         3
 Silence                  Hex/Air        8%         N/A       63%         5
 Fulminant Prism          Conj/Hex       3%         3d6       69%         4
 Olgreb's Toxic Radiance  Pois           6%         N/A       69%         4
 Passage of Golubria      Tloc           6%         N/A       69%         4
 Dispersal                Tloc           3%         N/A       100%        6
 Lehudib's Crystal Spear  Conj/Erth      3%         10d2      100%        8


Dungeon Overview and Level Annotations

Branches:
Dungeon (7/15)             Temple (0/1) D:6

Altars:
Ashenzari
Dithmenos
Elyvilon
Makhleb
Sif Muna
Xom
Yredelemnul
Zin
The Shining One

Shops:
D:3 ?   D:6 =

Annotations:
D:7 exclusion: 4 killer bees


Innate Abilities, Weirdness & Mutations

You can breathe wild blasts of lightning.
Your glossy black scales are hard. (AC +7)
You cannot fit into any form of body armour.
You are resistant to electric shocks. (rElec)
You are cold-blooded and may be slowed by cold attacks.


Message History

Your +8 dagger "Eternal With Me" {spect, rCorr MP+9, Self, Evo} hits the orc!
You kill the orc!
The orc wizard completely misses your +8 dagger "Eternal With Me" {spect, rCorr MP+9, Self, Evo}.
You swap places.
The orc wizard completely misses you.
Items here: $ )) [ ††.
The orc wizard attacks as you move away!
The orc wizard hits you but does no damage.
You barely miss the orc wizard.
Your +8 dagger "Eternal With Me" {spect, rCorr MP+9, Self, Evo} hits the orc wizard.
The orc wizard closely misses you.
You hit the orc wizard.
Your tail-slap misses the orc wizard.
The orc wizard is moderately wounded.
Your +8 dagger "Eternal With Me" {spect, rCorr MP+9, Self, Evo} closely misses the orc wizard.
The orc wizard gestures at you while chanting.
The puff of flame misses you.
The orc priest looks satisfied for a moment.
You closely miss the orc wizard.
The orc wizard is moderately wounded.
Your +8 dagger "Eternal With Me" {spect, rCorr MP+9, Self, Evo} hits the orc wizard!
The orc wizard closely misses you.
You hit the orc wizard.
You kill the orc wizard!
You hit the ogre.
The ogre is lightly wounded.
Your +8 dagger "Eternal With Me" {spect, rCorr MP+9, Self, Evo} hits the ogre.
The ogre hits you with a +0 giant club!
The orc priest casts a cantrip, but nothing happens.
You closely miss the ogre.
The ogre is moderately wounded.
Your +8 dagger "Eternal With Me" {spect, rCorr MP+9, Self, Evo} closely misses the ogre.
The ogre hits you with a +0 giant club!!
* * * LOW HITPOINT WARNING * * *
Activating: Breathe Lightning (4% risk of failure)
Press: ? - help, Dir - look around, f - activate You breathe a wild blast of lightning!
You hear a clap of thunder!
The orb of electricity explodes!
The ogre attacks as you move away!
The ogre hits you with a +0 giant club!!
You die...

# ############.### ...o)...
#.#.#............'..
..⌠o.....#.#.#......†.....###
....o........'...............
.....#.#.#.#...........#.##
......#.#.#......######.## #...
#.#.##...###...##...
##.###..###.#.##...###......##
.......>).)oO@................
##########.########...###......##
...........z...####...# #......#
##########.......###### ####...#
#.))....# #...# #....$..# #####
#.......# #.##...## #.# ...#


You could see an ogre and an orc priest.

Vanquished Creatures
  Pikel (D:4)
  Maggie (D:6)
  Grinder (D:6)
  Prince Ribbit (D:6)
  Eustachio (D:4)
  3 water moccasins
  An orc warrior (D:6)
  A sky beast (D:6)
  A black bear (D:5)
  An ogre (D:5)
  3 lemures (D:4)
  A phantom (D:4)
  A kobold brigand (D:6)
  A bullfrog (D:6)
  2 scorpions
  4 wights (D:6)
  A howler monkey (D:7)
  A crimson imp (D:7)
  5 hounds
  2 jellies (D:6)
  2 orc priests (D:5)
  2 iguanas
  Natasha (thrice) (D:3)
  2 orc wizards (D:6)
  6 adders
  An ufetubus (D:5)
  5 worms
  A dart slug (D:1)
  20 orcs
  15 ball pythons
  8 endoplasms
  5 goblins
  6 hobgoblins
  3 jackals (D:5)
  9 kobolds
  3 bats
  3 rats
127 creatures vanquished.

Vanquished Creatures (others)
  2 plants (D:3)
  3 withered plants (D:6)
5 creatures vanquished.

Grand Total: 132 creatures vanquished

Notes
Turn   | Place    | Note
-------+----------+-------------------------------------------
     0 | D:1      | rabbitsville the Draconian Ice Elementalist began the quest
                  | for the Orb.
     0 | D:1      | Reached XP level 1. HP: 14/14 MP: 3/3
   446 | D:1      | Reached XP level 2. HP: 18/20 MP: 1/5
   900 | D:2      | Reached XP level 3. HP: 26/26 MP: 0/6
  1453 | D:2      | Found a faded altar of an unknown god.
  1456 | D:2      | Reached skill level 5 in Ice Magic
  1564 | D:2      | Reached XP level 4. HP: 33/33 MP: 4/8
  1606 | D:2      | Identified the +1 whip of the Yoke {spect, Dex+2}
  1841 | D:3      | Noticed Natasha
  1857 | D:3      | Killed Natasha
  2013 | D:3      | Found Riakesmo's Magic Scroll Emporium.
  2052 | D:3      | Noticed Natasha
  2060 | D:3      | Killed Natasha
  2122 | D:3      | Noticed Natasha
  2127 | D:3      | Killed Natasha
  2128 | D:3      | Reached XP level 5. HP: 36/38 MP: 6/9
  2193 | D:3      | Reached skill level 6 in Ice Magic
  2981 | D:4      | Noticed a phantom
  3027 | D:4      | Noticed Eustachio
  3132 | D:4      | Found a white marble altar of Elyvilon.
  3153 | D:4      | Killed a phantom
  3154 | D:4      | Reached XP level 6. HP: 45/45 MP: 11/11
  3258 | D:4      | Reached skill level 1 in Maces & Flails
  3277 | D:4      | Killed Eustachio
  3278 | D:4      | Reached skill level 7 in Ice Magic
  3320 | D:4      | Found a glowing silver altar of Zin.
  3643 | D:4      | Noticed Pikel
  3655 | D:4      | Killed Pikel
  3656 | D:4      | Reached skill level 8 in Ice Magic
  3656 | D:4      | Your scales start taking on a glossy black colour.
  3656 | D:4      | Reached XP level 7. HP: 41/50 MP: 12/14
  3656 | D:4      | Gained mutation: You are resistant to electric shocks.
                  | (rElec) [Black Draconian growth]
  3782 | D:5      | Entered Level 5 of the Dungeon
  3824 | D:5      | Found a broken altar of Ashenzari.
  3834 | D:5      | Became a worshipper of Ashenzari the Shackled
  3896 | D:5      | Reached skill level 1 in Air Magic
  3896 | D:5      | Reached XP level 8. HP: 55/57 MP: 15/15
  3900 | D:5      | Learned a level 3 spell: Ozocubu's Armour
  3983 | D:5      | Reached skill level 5 in Spellcasting
  4847 | D:5      | Reached skill level 9 in Ice Magic
  5084 | D:6      | Noticed Grinder
  5090 | D:6      | Paralysed by Grinder for 2 turns
  5097 | D:6      | Killed Grinder
  5357 | D:6      | Found Hurghu's Jewellery Emporium.
  5711 | D:7      | Found a shimmering blue altar of Sif Muna.
  5733 | D:7      | Identified the +8 dagger of Disintegration {spect, rCorr
                  | MP+9}
  5891 | D:7      | Found a burning altar of Makhleb.
  5891 | D:7      | Found a shimmering altar of Xom.
  5901 | D:7      | Reached XP level 9. HP: 62/62 MP: 17/17
  6492 | D:6      | Noticed Maggie
  6584 | D:6      | Noticed Prince Ribbit
  6588 | D:6      | Killed Prince Ribbit
  6589 | D:6      | Reached skill level 10 in Ice Magic
  6678 | D:6      | Found a glowing golden altar of the Shining One.
  6684 | D:6      | Killed Maggie
  6685 | D:6      | Reached skill level 5 in Air Magic
  7031 | D:6      | Found a staircase to the Ecumenical Temple.
  7092 | D:6      | Found a basalt altar of Yredelemnul.
  7261 | D:6      | Found a shadowy altar of Dithmenos.
  7354 | D:6      | Mangled by an ogre

Illustrated notes

Levels and vault maps discovered:
D:1:      mrwooster_arrival_statue_2, layout_loops_ring
D:2:      layout_rooms, shapermc_ecumenical_altar_flowoftime
D:3:      layout_basic, serial_shops, shop, minmay_misc_feat_pillars,
          minmay_misc_feat_alley, minmay_shallow_snake_nest, uniq_natasha
D:4:      layout_rooms, mainiacjoe_overflow_24_doors, lemuel_tele_altar,
          minmay_strange_pillars, uniq_pikel, uniq_eustachio
D:5:      layout_gridville, mainiacjoe_overflow_alcove_1, serial_glass,
          glass_columns_a, glass_columns_a
D:6:      layout_basic, mainiacjoe_overflow_paths,
          nicolae_hepliaklqana_hippocampus, yredelemnul_altar_generic,
          mainiacjoe_overflow_surrounded_room, grunt_temple_overflow_open,
          minmay_temple_entry_junction_2, serial_shops, kennysheep_mini,
          uniq_maggie, uniq_grinder, uniq_menkaure, uniq_prince_ribbit1
D:7:      layout_basic, grunt_temple_overflow_champion_of_chaos,
          nicolae_overflow_crystal_walls, eino_small_chamber_without_monster

Skill      XL: |  1  2  3  4  5  6  7  8  9 |
---------------+----------------------------+-----
Ice Magic      | 5 6 8 9 10 | 10.7
Spellcasting   | 3 4 5 6 |  6.6
Maces & Flails | 3 |  3.1
Air Magic      | 1 4 5 |  5.8
Dodging        | |  1.7
Stealth        | |  1.7

Action                   |  1- 3 |  4- 6 |  7- 9 || total
-------------------------+-------+-------+-------++-------
Melee: Unarmed           |     6 |       |       ||     6
       Whip              |       |   129 |    75 ||   204
       Tailslap          |       |    14 |    23 ||    37
       Punch             |       |     1 |     4 ||     5
       Dagger            |       |       |    91 ||    91
Throw: Javelin           |       |       |     1 ||     1
 Cast: Freeze            |    44 |    21 |    18 ||    83
       Ozocubu's Armour  |       |       |     1 ||     1
Invok: Curse Item        |       |       |     1 ||     1
 Abil: Breathe Lightning |       |       |     3 ||     3
Evoke: Wand              |       |       |     3 ||     3
  Use: Scroll            |       |       |     1 ||     1
       Potion            |       |       |     1 ||     1
 Stab: Sleeping          |       |     6 |     2 ||     8
       Distracted        |       |     2 |     2 ||     4
Armor: Skin              |    12 |    37 |    71 ||   120
Dodge: Dodged            |    19 |    67 |    80 ||   166

Table legend: (Time is in decaauts)
 A = Elapsed time spent in this place.
 B = Non-inter-level travel time spent in this place.
 C = Inter-level travel time spent in this place.
 D = Time resting spent in this place.
 E = Time spent auto-exploring this place.
 F = Levels seen in this place.
 G = Mean time per level.
                   A        B        C        D        E       F      G
               +--------+--------+--------+--------+--------+-----+--------+
         Total |   7365 |   7114 |    251 |   1698 |   3566 |   7 | 1052.1 |
       Dungeon |   7365 |   7114 |    251 |   1698 |   3566 |   7 | 1052.1 |
               +--------+--------+--------+--------+--------+-----+--------+

Top non-repeatable levels by time:
     D:3: 1385 daAuts
     D:5: 1228 daAuts
     D:6: 1187 daAuts
     D:7: 1152 daAuts
     D:1: 850 daAuts
     D:2: 840 daAuts
     D:4: 720 daAuts
